 Dungeon Crawl Stone Soup version 0.18.1-8-gdd0e5ea (webtiles) character file.

1152 Metae the Covered (level 8, -3/71 HPs)
             Began as a Minotaur Fighter on June 11, 2016.
             Was a Follower of Okawaru.
             Slain by Blork the orc
             ... wielding a +3 halberd of venom
              (14 damage)
             ... on level 5 of the Dungeon.
             The game lasted 00:21:38 (4567 turns).

Metae the Covered (Minotaur Fighter)                Turns: 4567, Time: 00:21:39

Health: -3/71      AC:  9    Str: 22    XL:     8   Next: 16%
Magic:  7/7        EV:  9    Int:  5    God:    Okawaru [*.....]
Gold:   316        SH: 10    Dex: 11    Spells: 0 memorised, 7 levels left

rFire  . . .     SeeInvis .     a - +0 trident
rCold  . . .     Gourm    .     b - +0 scale mail
rNeg   . . .     Faith    .     c - +0 shield
rPois  .         Spirit   .     (helmet restricted)
rElec  .         Dismiss  .     B - +0 cloak
rCorr  .         Reflect  .     (no gloves)
SustAt .         Harm     .     (no boots)
MR     .....                    (no amulet)
Stlth  ..........               (no ring)
                                n - ring of flight

@: lethally poisoned (-3 -> -7), not resistant to hostile enchantments,
extremely unstealthy
A: retaliatory headbutt, horns 2
a: Heroism, Renounce Religion, Evoke Flight


You were on level 5 of the Dungeon.
You worshipped Okawaru.
Okawaru was aware of your devotion.
You were not hungry.

You visited 2 branches of the dungeon, and saw 7 of its levels.

You collected 316 gold pieces.

Inventory:

Hand Weapons
 a - a +0 trident (weapon)
 h - a +1 flail of crushing
Armour
 b - a +0 scale mail (worn)
 c - a +0 shield (worn)
 B - a +0 cloak (worn)
Jewellery
 n - a ring of flight (left hand)
Wands
 q - a wand of lightning (9/15)
Scrolls
 o - 2 scrolls of remove curse
 p - a scroll of teleportation {unknown}
 r - 3 scrolls of identify
 s - a scroll of enchant weapon {unknown}
 v - a scroll of enchant armour {unknown}
 w - a scroll of random uselessness {unknown}
 x - 3 scrolls of amnesia {unknown}
Potions
 e - a potion of heal wounds {unknown}
 j - a potion of mutation {unknown}
 k - a potion of might
 l - a potion of berserk rage {unknown}
 m - a potion of curing
 t - 2 potions of haste {unknown}
 u - a potion of cure mutation {unknown}
 z - a potion of degeneration {unknown}
 A - a potion of agility {unknown}
Comestibles
 f - 3 bread rations
 i - 2 meat rations


   Skills:
 * Level 6.7 Fighting
 + Level 4.3 Polearms
 * Level 7.0 Armour
 + Level 3.8 Dodging
 + Level 2.7 Stealth
 + Level 5.4 Shields


You had 7 spell levels left.
You didn't know any spells.

Dungeon Overview and Level Annotations

Branches:
Dungeon (6/15)             Temple (1/1) D:5

Altars:
Ashenzari
Cheibriados
Fedhas
Gozag
Nemelex Xobeh
Okawaru
Pakellas
Qazlal
Ru
Sif Muna
Trog
Vehumet
Xom
Zin
The Shining One

Portals:
Ossuary: D:6

Annotations:
D:5 Blork the orc


Innate Abilities, Weirdness & Mutations

You reflexively headbutt those who attack you in melee.
You have a pair of horns on your head.


Message History

You block the scorpion's attack.
Blork the orc points at you and mumbles some strange words.
The puff of flame hits you!
* * * LOW HITPOINT WARNING * * *
You feel better. You block the scorpion's attack.
Blork the orc hits you but does no damage.
You are poisoned.
You are too injured to fight recklessly!
You are too injured to fight recklessly!
You are too injured to fight recklessly!
You puncture the scorpion!
You headbutt the scorpion, but do no damage.
The scorpion is severely wounded.
You feel sick. You block the scorpion's attack.
The scorpion closely misses you.
You closely miss the scorpion. Your headbutt misses the scorpion.
The scorpion is severely wounded.
You feel sick.
Blork the orc hits you from afar with a halberd of venom!
You die...

#≈§§≈≈≈§§§≈≈#
#≈§≈#####≈§≈#
#≈≈§#...#######
#≈≈§#.>.......#
#≈§≈#...#####.#
#≈§§#####≈≈§#.#
#≈≈≈§≈§§≈§≈§#.#
#≈≈§≈≈§§§§≈≈#s####
#≈≈≈≈≈§≈§≈§≈#@.op#
################.#
#.....##..# #.#
#####...###..#
####.####
.............#
#..[.p..#
######.#######
#.##.##.# #.#
##.##.##.## ##'##
#........o#
##...##
#..##>##..# .


You could see Blork the orc, a freed slave and a scorpion.

Vanquished Creatures
  Pikel (D:5)
  A hippogriff (D:3)
  Edmund (D:5)
  The ghost of Rationalist the Chopper, an amateur MiBe of Trog (D:3)
  A scorpion (D:4)
  A howler monkey (D:5)
  A crimson imp (D:3)
  Crazy Yiuf (D:3)
  A hound (D:4)
  2 worker ants
  4 adders
  2 oozes (D:3)
  5 worms
  2 giant geckos
  4 orcs (D:3)
  5 giant cockroaches
  5 goblins
  5 hobgoblins
  8 jackals
  6 kobolds
  3 quokkas
  2 ball pythons
  5 bats
  2 giant newts
  8 rats
77 creatures vanquished.

Vanquished Creatures (others)
  2 slaves (D:5)
  A shadow imp (D:5)
3 creatures vanquished.

Grand Total: 80 creatures vanquished

Notes
Turn   | Place    | Note
--------------------------------------------------------------
     0 | D:1      | Metae the Minotaur Fighter began the quest for the Orb.
     0 | D:1      | Reached XP level 1. HP: 19/19 MP: 0/0
   289 | D:1      | Reached XP level 2. HP: 27/27 MP: 1/1
   743 | D:1      | Reached skill level 4 in Armour
  1121 | D:2      | Reached skill level 1 in Dodging
  1121 | D:2      | Reached XP level 3. HP: 14/33 MP: 2/2
  1947 | D:3      | Noticed a hippogriff
  1959 | D:3      | HP: 1/33 [hippogriff (1)]
  1964 | D:3      | Killed a hippogriff
  1964 | D:3      | Reached skill level 1 in Stealth
  1964 | D:3      | Reached XP level 4. HP: 2/41 MP: 3/3
  1964 | D:3      | Reached XP level 5. HP: 3/47 MP: 4/4
  2326 | D:3      | Noticed Rationalist's ghost (amateur MiBe)
  2352 | D:3      | Killed Rationalist's ghost
  2352 | D:3      | Reached skill level 5 in Fighting
  2352 | D:3      | Reached skill level 5 in Armour
  2352 | D:3      | Reached XP level 6. HP: 31/56 MP: 5/5
  2981 | D:3      | Noticed Crazy Yiuf
  2987 | D:3      | Killed Crazy Yiuf
  3454 | D:4      | Found a blossoming altar of Fedhas.
  3727 | D:4      | You fall through a shaft for 2 floors!
  3742 | D:6      | Found a sand-covered staircase.
  3773 | D:5      | Entered Level 5 of the Dungeon
  3778 | D:5      | Reached XP level 7. HP: 56/61 MP: 6/6
  3906 | D:5      | Noticed Edmund
  3927 | D:5      | Killed Edmund
  3927 | D:5      | Reached skill level 6 in Armour
  3949 | D:5      | Found a staircase to the Ecumenical Temple.
  3959 | Temple   | Entered the Ecumenical Temple
  4394 | Temple   | Became a worshipper of Warmaster Okawaru
  4479 | D:5      | Noticed Pikel
  4488 | D:5      | Noticed Blork the orc
  4502 | D:5      | Killed Pikel
  4502 | D:5      | Reached * piety under Okawaru
  4502 | D:5      | Reached skill level 7 in Armour
  4502 | D:5      | Reached skill level 5 in Shields
  4502 | D:5      | Reached XP level 8. HP: 47/71 MP: 7/7
  4524 | D:5      | HP: 3/71 [Blork the orc/puff of frost (11)]
  4564 | D:5      | HP: 1/71 [Blork the orc/puff of flame (9)]
  4567 | D:5      | Slain by Blork the orc

Skill      XL: |  1  2  3  4  5  6  7 |
---------------+----------------------+-----
Armour         | 4 5 7 |  7.0
Dodging        | 1 2 3 |  3.8
Fighting       | 4 5 6 |  6.7
Shields        | 4 5 |  5.4
Polearms       | 3 4 |  4.3
Stealth        | 1 2 |  2.7

Action                   |  1- 3 |  4- 6 |  7- 9 || total
-------------------------+-------+-------+-------++-------
Melee: Trident           |   114 |   111 |    45 ||   270
       Headbutt          |    18 |    18 |     9 ||    45
Evoke: Wand              |       |     4 |     4 ||     8
  Use: Potion            |     2 |     1 |     3 ||     6
       Scroll            |     2 |     1 |     1 ||     4
  Eat: Bread ration      |     1 |       |       ||     1
       Chunk             |       |     4 |       ||     4
       Meat ration       |       |     1 |       ||     1
Armor: Scale mail        |    52 |    35 |    19 ||   106
Dodge: Dodged            |    36 |    27 |    23 ||    86
Block: Shield            |    73 |    52 |    35 ||   160
